 Dungeon Crawl Stone Soup version 0.29.1-1-gd02db6906a (webtiles) character file.

Game seed: 2370562152089285577

124 MisterFreud the Covert (level 5, -1/47 HPs)
             Began as a Gnoll Delver on Sept 27, 2022.
             Slain by a phantom (3 damage)
             ... on level 5 of the Dungeon.
             The game lasted 00:00:52 (221 turns).

MisterFreud the Covert (Gnoll Delver)                Turns: 221, Time: 00:00:53

Health: -1/47      AC:  3    Str: 11    XL:     5   Next: 8%
Magic:  7/7        EV: 13    Int: 11    God:
Gold:   16         SH:  0    Dex: 14    Spells: 6/6 levels left

rFire   . . .      SeeInvis .   a - +0 short sword
rCold   . . .      Faith    .   (no shield)
rNeg    . . .      Spirit   .   b - +0 leather armour
rPois   .          Reflect  .   (no helmet)
rElec   .          Harm     .   (no cloak)
rCorr   .          Rampage  .   (no gloves)
Will    .....                   (no boots)
Stlth   ++++......              (no amulet)
HPRegen 0.15/turn               (no ring)
MPRegen 0.10/turn               (no ring)

@: no status effects
A: fangs 1, strong nose, distributed training
a: no special abilities


You were on level 5 of the Dungeon.
You visited 1 branch of the dungeon, and saw 2 of its levels.

You collected 16 gold pieces.

Inventory:

Hand Weapons
 a - a +0 short sword (weapon)
Armour
 b - a +0 leather armour (worn)
Wands
 g - a wand of digging (3)
 h - a wand of acid (5)
Scrolls
 c - a scroll of fog
 d - a scroll of magic mapping
 e - a scroll of fear
Potions
 f - a potion of haste


   Skills:
 + Level 6.6 Fighting
 + Level 4.7 Short Blades
 + Level 1.4 Long Blades
 + Level 1.4 Axes
 + Level 1.4 Maces & Flails
 + Level 1.4 Polearms
 + Level 1.4 Staves
 + Level 1.4 Ranged Weapons
 + Level 1.4 Throwing
 + Level 1.4 Armour
 + Level 4.7 Dodging
 + Level 9.6 Stealth
 + Level 1.4 Shields
 + Level 1.4 Unarmed Combat
 + Level 1.4 Spellcasting
 + Level 1.1 Conjurations
 + Level 1.1 Hexes
 + Level 1.1 Summonings
 + Level 1.1 Necromancy
 + Level 1.1 Translocations
 + Level 1.1 Transmutations
 + Level 1.1 Fire Magic
 + Level 1.1 Ice Magic
 + Level 1.1 Air Magic
 + Level 1.1 Earth Magic
 + Level 1.1 Poison Magic
 + Level 1.5 Invocations
 + Level 1.4 Evocations


You had 6 spell levels left.
You didn't know any spells.
Your spell library contained the following spells:

 Spells                   Type           Power      Damage    Failure   Level
 Animate Armour           Summ/Erth      6%         N/A       95%         4
 Blade Hands              Tmut           1%         N/A       100%        5
 Iron Shot                Conj/Erth      1%         9d1       100%        6


Dungeon Overview and Level Annotations

Branches:
Dungeon (6/15)
 Temple: D:4-7

Altars:


Innate Abilities, Weirdness & Mutations

You have very sharp teeth.
Your uncanny sense of smell can sniff out nearby items.
Your experience applies equally to all skills.


Message History

The phantom is lightly damaged.
The phantom misses you.
You hit the phantom.
The phantom is moderately damaged.
The phantom hits you.
* * * LOW HITPOINT WARNING * * *
The phantom blinks!
You blink.
You hit the phantom. You bite the phantom.
The phantom is heavily damaged.
The phantom hits you!
* * * LOW HITPOINT WARNING * * *
The phantom blinks!
You blink.
You barely miss the phantom. You bite the phantom.
The phantom is heavily damaged.
You hit the phantom.
The phantom is heavily damaged.
The phantom closely misses you.
You hit the phantom but do no damage.
The phantom is heavily damaged.
The phantom hits you.
* * * LOW HITPOINT WARNING * * *
The phantom blinks!
You blink.
You hit the phantom.
The phantom is severely damaged.
The phantom hits you.
* * * LOW HITPOINT WARNING * * *
Okay, then.
You hit the phantom but do no damage.
The phantom is severely damaged.
The phantom hits you but does no damage.
You hit the phantom. Your punch misses the phantom.
Your bite misses the phantom.
The phantom is severely damaged.
The phantom barely misses you.
You closely miss the phantom.
The phantom is severely damaged.
You miss the phantom.
The phantom is severely damaged.
The phantom hits you.
You die...

#.............
#.............+
∆
#.............#
#..?..........#
#.............#
#(............#
#.............#
#.............#
#.@W..........#
#.##########.##
#. ##


You could see a phantom.

Vanquished Creatures
  A black bear (D:6)
  A hound (D:6)
  An orc (D:6)
3 creatures vanquished.

Notes
Turn   | Place    | Note
-------+----------+-------------------------------------------
     0 | D:5      | Reached skill level 9 in Stealth
     0 | D:5      | MisterFreud the Gnoll Delver began the quest for the Orb.
     0 | D:5      | Reached XP level 1. HP: 23/23 MP: 1/1
    96 | D:6      | Noticed a black bear
   103 | D:6      | Killed a black bear
   104 | D:6      | Reached skill level 1 in Long Blades
   104 | D:6      | Reached skill level 1 in Axes
   104 | D:6      | Reached skill level 1 in Maces & Flails
   104 | D:6      | Reached skill level 1 in Polearms
   104 | D:6      | Reached skill level 1 in Staves
   104 | D:6      | Reached skill level 1 in Ranged Weapons
   104 | D:6      | Reached skill level 1 in Throwing
   104 | D:6      | Reached skill level 1 in Armour
   104 | D:6      | Reached skill level 1 in Shields
   104 | D:6      | Reached skill level 1 in Unarmed Combat
   104 | D:6      | Reached skill level 1 in Spellcasting
   104 | D:6      | Reached skill level 1 in Conjurations
   104 | D:6      | Reached skill level 1 in Hexes
   104 | D:6      | Reached skill level 1 in Summonings
   104 | D:6      | Reached skill level 1 in Necromancy
   104 | D:6      | Reached skill level 1 in Translocations
   104 | D:6      | Reached skill level 1 in Transmutations
   104 | D:6      | Reached skill level 1 in Fire Magic
   104 | D:6      | Reached skill level 1 in Ice Magic
   104 | D:6      | Reached skill level 1 in Air Magic
   104 | D:6      | Reached skill level 1 in Earth Magic
   104 | D:6      | Reached skill level 1 in Poison Magic
   104 | D:6      | Reached skill level 1 in Invocations
   104 | D:6      | Reached skill level 1 in Evocations
   104 | D:6      | Reached XP level 2. HP: 29/29 MP: 1/3
   104 | D:6      | Reached XP level 3. HP: 35/35 MP: 1/4
   104 | D:6      | Reached XP level 4. HP: 41/41 MP: 1/5
   171 | D:6      | Noticed a phantom
   182 | D:6      | Reached XP level 5. HP: 39/47 MP: 5/7
   186 | D:6      | Noticed an ice beast
   217 | D:5      | HP: 2/47 [phantom (3)]
   221 | D:5      | Slain by a phantom

Illustrated notes

Levels and vault maps discovered:
D:5:      layout_basic, mainiacjoe_overflow_chevrons, minitemple, uniq_edmund,
          uniq_menkaure
D:6:      layout_basic, lemuel_zombie_altar_kikubaaqudgha, portal_sewer_entry_a,
          kennysheep_boxes

Skill      XL: |  1 |
---------------+----+-----
Stealth        | |  9.6
Long Blades    | 1 |  1.4
Axes           | 1 |  1.4
Maces & Flails | 1 |  1.4
Polearms       | 1 |  1.4
Staves         | 1 |  1.4
Ranged Weapons | 1 |  1.4
Throwing       | 1 |  1.4
Armour         | 1 |  1.4
Shields        | 1 |  1.4
Unarmed Combat | 1 |  1.4
Spellcasting   | 1 |  1.4
Conjurations   | 1 |  1.1
Hexes          | 1 |  1.1
Summonings     | 1 |  1.1
Necromancy     | 1 |  1.1
Translocations | 1 |  1.1
Transmutations | 1 |  1.1
Fire Magic     | 1 |  1.1
Ice Magic      | 1 |  1.1
Air Magic      | 1 |  1.1
Earth Magic    | 1 |  1.1
Poison Magic   | 1 |  1.1
Invocations    | 1 |  1.5
Evocations     | 1 |  1.4
Fighting       | |  6.6
Short Blades   | |  4.7
Dodging        | |  4.7

Action                   |  1- 3 |  4- 6 || total
-------------------------+-------+-------++-------
Melee: Short sword       |     1 |    29 ||    30
       Bite              |       |     4 ||     4
 Stab: Sleeping          |     1 |     1 ||     2
Armor: Leather armour    |       |     3 ||     3
Dodge: Dodged            |       |    20 ||    20
